 Dungeon Crawl Stone Soup version 0.28-a0-305-g9e858e973b (webtiles) character file.

Game seed: 2879969631902803092

1614 bearlyready the Skirmisher (level 9, -35/69 HPs)
             Began as a Formicid Cinder Acolyte on Aug 29, 2021.
             Was a High Priest of Ignis.
             Killed from afar by a blizzard demon (42 damage)
             ... with a bolt of cold
             ... on level 2 of the Abyss.
             The game lasted 00:14:42 (6624 turns).

bearlyready the Skirmisher (FoCA)                   Turns: 6624, Time: 00:14:43

Health: -35/69     AC:  4    Str: 22    XL:     9   Next: 16%
Magic:  13/13      EV: 11    Int: 10    God:    Ignis [*****.]
Gold:   187        SH:  0    Dex:  6    Spells: 15/16 levels left

rFire   + . .      SeeInvis +   a - +0 falchion (flame)
rCold   . . .      Faith    .   (no shield)
rNeg    . . .      Spirit   .   n - +0 leather armour
rPois   .          Reflect  .   (helmet unavailable)
rElec   .          Harm     .   c - +0 cloak
rCorr   .          Rampage  .   (no gloves)
Will    .....                   o - +1 pair of boots
Stlth   +.........              (no amulet)
HPRegen 0.21/turn               (no ring)
MPRegen 0.13/turn               (no ring)

@: no status effects
A: permanent stasis, dig shafts and tunnels, antennae 3, four strong arms, beak,
low mp 1, [deformed body], [dopey 2]
a: Dig, Shaft Self, Renounce Religion, Sea of Fire, Foxfire Swarm, Rising Flame


You were on level 2 of the Abyss.
You worshipped Ignis.
Ignis was extremely pleased with you.
You visited 1 branch of the dungeon, and saw 5 of its levels.
You visited the Abyss 1 time.
You also visited: Sewer.

You collected 187 gold pieces.

Inventory:

Hand Weapons
 a - a +0 falchion of flaming (weapon)
 f - a +1 rapier of venom
Missiles
 l - 118 sling bullets
 m - 162 stones
 r - 32 poisoned darts
Armour
 b - a +0 robe
 c - a +0 cloak (worn)
 n - a +0 leather armour (worn)
 o - a +1 pair of boots (worn)
Jewellery
 z - a ring of wizardry
Wands
 q - a wand of flame (33)
 t - a wand of polymorph (8)
Scrolls
 g - a scroll of amnesia
 h - 3 scrolls of enchant weapon
 i - a scroll of summoning {unknown}
 j - 2 scrolls of blinking {unknown}
 k - 3 scrolls of teleportation
 p - a scroll of brand weapon {unknown}
 v - 2 scrolls of fear {unknown}
 w - a scroll of enchant armour
 x - a scroll of noise {unknown}
 y - a scroll of fog {unknown}
 C - a scroll of magic mapping
 F - a scroll of holy word {unknown}
Potions
 d - 2 potions of curing
 e - 3 potions of brilliance
 u - 2 potions of magic
 A - 2 potions of lignification
 B - a potion of haste {unknown}
 D - a potion of resistance {unknown}


   Skills:
 + Level 6.2 Fighting
 + Level 6.1 Long Blades
 - Level 4.2 Spellcasting
 - Level 3.0 Conjurations
 - Level 5.0 Fire Magic
 + Level 3.2 Evocations


You had 15 spell levels left.
You knew the following spells:

 Your Spells              Type           Power      Damage    Failure   Level
a - Foxfire               Conj/Fire      40%        2x1d6     5%          1

Your spell library contained the following spells:

 Spells                   Type           Power      Damage    Failure   Level
 Conjure Flame            Conj/Fire      10%        6-21      16%         3
 Pain                     Necr           8%         1d4       28%         1
 Ignite Poison            Fire/Tmut/Pois 5%         N/A       41%         3
 Sticky Flame             Conj/Fire      10%        2d3       47%         4
 Agony                    Necr           2%         N/A       100%        5
 Excruciating Wounds      Necr           1%         N/A       100%        5


Dungeon Overview and Level Annotations

Branches:
Dungeon (5/15)             Temple (0/1) D:4           Sewer (visited)

Altars:
Zin


Innate Abilities, Weirdness & Mutations

You cannot be hasted, slowed, berserked, paralysed or teleported.
You can dig through walls and to a lower floor.
You have a pair of large antennae on your head. (SInv)
Your four strong arms can wield two-handed weapons with a shield.
You have a beak for a mouth.
Your magical capacity is low. (-10% MP)
[Armour fits poorly on your strangely shaped body.]
[You are very dopey. (Int -4)]


Message History

You barely miss the crimson imp.
You hit the crimson imp but do no damage.
The crimson imp shouts!
You hear a screech!
The crimson imp hits you but does no damage.
You closely miss the crimson imp.
You flicker back into view.
The crimson imp hits you but does no damage.
You closely miss the crimson imp. Your peck misses the crimson imp.
The crimson imp blinks!
You slash the crimson imp!
You peck the crimson imp, but do no damage.
The crimson imp is severely wounded.
The crimson imp blinks!
The crimson imp blinks!
A shining eye comes into view.
The shining eye turns its gaze towards you.
Found a book of the Hunter.
Your magical contamination has completely faded away.
You see here a book of the Hunter.
Okay, then.
The orange demon stings you from afar!
A tentacled starspawn comes into view.
A blizzard demon comes into view.
The blizzard demon shouts!
A wretched star comes into view.
A rust devil comes into view.
The wretched star glows turbulently.
The lance of force misses you. The blizzard demon hits you!
The blizzard demon misses you.
The wretched star pulses with an eldritch light!
You feel stupid. x2; Your body twists and deforms.
The blizzard demon hits you. The blizzard demon closely misses you.
The crimson imp blinks!
The orange demon stings you from afar. The blizzard demon gestures at you.
The bolt of cold hits you!!
* * * LOW HITPOINT WARNING * * *
The bolt of cold hits you!!!
Ouch! That really hurt!
You die...

# ### ## #.# #..#.#
.4# #.#..#..# . #
#### #.@.*.# .
#.#...###2.#..#.# ...
....#.4..#. .....
#...#.#.G###.......
..
......#.#..#........
. # #.....###..... .
#...
##..##G##..#..#....#.
# ##.:..{.
.#....#.#.. #..#.#{##
5...#.... . #


You could see a wretched star, a blizzard demon, a shining eye and an orange
demon.

Vanquished Creatures
  Pikel (D:4)
  2 neqoxecs (Abyss:2)
  An ogre (D:4)
  2 lemures
  2 scorpions (D:5)
  3 hounds
  2 orc priests
  A bullfrog skeleton (D:5)
  5 orc wizards
  A howler monkey skeleton (D:4)
  15 adders
  11 gnolls
  3 river rats (Sewer)
  An adder skeleton (D:4)
  2 worms (D:3)
  A dart slug (D:1)
  15 orcs
  9 ball pythons
  5 bats
  10 endoplasms
  A giant cockroach (D:4)
  4 goblins
  13 hobgoblins
  4 kobolds
  6 quokkas
  9 frilled lizards
  7 rats
136 creatures vanquished.

Vanquished Creatures (others)
  An orc wizard (D:4)
  262 foxfires
  2 starspawn tentacles (Abyss:2)
265 creatures vanquished.

Grand Total: 401 creatures vanquished

Notes
Turn   | Place    | Note
-------+----------+-------------------------------------------
     0 | D:1      | bearlyready the Formicid Cinder Acolyte began the quest for
                  | the Orb.
     0 | D:1      | Reached XP level 1. HP: 18/18 MP: 2/2
   432 | D:1      | Reached XP level 2. HP: 24/24 MP: 1/3
   441 | D:1      | Reached skill level 1 in Conjurations
  1071 | D:2      | Reached XP level 3. HP: 24/29 MP: 0/4
  1683 | D:2      | Reached XP level 4. HP: 26/35 MP: 0/5
  2370 | D:3      | Found a glowing drain.
  2386 | D:3      | Reached XP level 5. HP: 35/41 MP: 3/7
  2395 | Sewer    | Entered a sewer
  2845 | Sewer    | Reached XP level 6. HP: 47/47 MP: 6/9
  4155 | D:4      | Noticed an ogre
  4430 | D:4      | Noticed an ogre
  4624 | D:4      | Killed an ogre
  4625 | D:4      | Reached XP level 7. HP: 52/52 MP: 9/11
  4692 | D:4      | Noticed Pikel
  4702 | D:4      | Killed Pikel
  4703 | D:4      | Reached XP level 8. HP: 46/61 MP: 5/13
  4942 | D:4      | Found a glowing silver altar of Zin.
  5196 | D:4      | Found a staircase to the Ecumenical Temple.
  5327 | D:4      | Reached skill level 5 in Long Blades
  5362 | D:4      | Reached skill level 5 in Fighting
  5551 | D:4      | Reached skill level 5 in Fire Magic
  5969 | D:5      | Entered Level 5 of the Dungeon
  6039 | D:5      | Reached skill level 1 in Evocations
  6469 | D:5      | Cast into level 1 of the Abyss (orc)
  6476 | Abyss:1  | Found a corrupted altar of Lugonu.
  6532 | Abyss:1  | Noticed a smoke demon
  6550 | Abyss:2  | Found a corrupted altar of Lugonu.
  6581 | Abyss:2  | Gained mutation: You have a beak for a mouth. [a neqoxec]
  6585 | Abyss:2  | Reached XP level 9. HP: 59/69 MP: 15/15
  6591 | Abyss:2  | Gained mutation: Your magical capacity is low. (-10% MP) [a
                  | neqoxec]
  6599 | Abyss:2  | Noticed an orange demon
  6611 | Abyss:2  | Noticed a shining eye
  6619 | Abyss:2  | Noticed a tentacled starspawn
  6620 | Abyss:2  | Noticed a blizzard demon
  6621 | Abyss:2  | Noticed a wretched star
  6622 | Abyss:2  | Noticed a rust devil
  6624 | Abyss:2  | Killed from afar by a blizzard demon

Illustrated notes

Levels and vault maps discovered:
D:1:      dpeg_arrival_tiny_i, layout_loops_ring
D:2:      layout_loops_ring, kennysheep_nub
D:3:      layout_loops_ring, cheibrodos_sewer_entry_bend
D:4:      minmay_spotlight, layout_basic, zin_academy,
          minmay_temple_entry_trees, serial_rivers,
          chequers_serial_rivers_marsh, chequers_serial_rivers_micro_d,
          chequers_serial_rivers_small_b, chequers_serial_rivers_small_b,
          minmay_snake_closets, uniq_pikel
D:5:      layout_rooms, lemuel_blue_sif_altar
Abyss:2:  base: D:2, base: D:1, evilmike_abyss_exit_15

Skill      XL: |  1  2  3  4  5  6  7  8  9 |
---------------+----------------------------+-----
Conjurations   | 1 2 3 |  3.0
Fire Magic     | 2 3 4 5 |  5.0
Spellcasting   | 2 3 4 |  4.2
Fighting       | 4 6 |  6.2
Long Blades    | 4 5 6 |  6.1
Evocations     | 2 3 |  3.2

Action                   |  1- 3 |  4- 6 |  7- 9 || total
-------------------------+-------+-------+-------++-------
Melee: Falchion          |    52 |   130 |   107 ||   289
       Peck              |       |       |     1 ||     1
Throw: Throwing net      |       |     1 |       ||     1
       Stone             |       |       |     1 ||     1
 Cast: Foxfire           |    26 |    45 |    77 ||   148
Invok: Foxfire Swarm     |       |     1 |       ||     1
 Abil: Dig               |     1 |     7 |     3 ||    11
  Use: Scroll            |       |     4 |     3 ||     7
       Potion            |       |       |     8 ||     8
 Stab: Invisible         |       |       |     2 ||     2
Armor: Leather armour    |    11 |    52 |    34 ||    97
       Robe              |     2 |       |       ||     2
       Skin              |       |       |     4 ||     4
Dodge: Dodged            |    39 |    88 |    80 ||   207

Table legend: (Time is in decaauts)
 A = Elapsed time spent in this place.
 B = Non-inter-level travel time spent in this place.
 C = Inter-level travel time spent in this place.
 D = Time resting spent in this place.
 E = Time spent auto-exploring this place.
 F = Levels seen in this place.
 G = Mean time per level.
                   A        B        C        D        E       F      G
               +--------+--------+--------+--------+--------+-----+--------+
         Total |   6728 |   6448 |    280 |    188 |   4786 |   8 |  841.0 |
       Dungeon |   5828 |   5548 |    280 |    188 |   4208 |   5 | 1165.6 |
         Abyss |    154 |    154 |      0 |      0 |      0 |   2 |   77.0 |
         Sewer |    745 |    745 |      0 |      0 |    577 |   1 |  745.0 |
               +--------+--------+--------+--------+--------+-----+--------+

Top non-repeatable levels by time:
     D:4: 1995 daAuts
     D:1: 1160 daAuts
     D:2: 1132 daAuts
     D:3: 1038 daAuts
   Sewer: 745 daAuts
     D:5: 500 daAuts
 Abyss:2: 86 daAuts
 Abyss:1: 67 daAuts
